[Event "*** Titled Tuesday Blitz"]
[Site "Chess.com"]
[Date "2019.06.04"]
[Round "8"]
[White "KhazarBabazada"]
[Black "Mischuk_D"]
[Result "1-0"]
[WhiteElo "2616"]
[BlackElo "2705"]
[TimeControl "180+2"]
[EndTime "14:52:03 PDT"]
[Termination "KhazarBabazada won by resignation"]

1. e4 e5 2. Nf3 Nc6 3. Bb5 Nf6 4. O-O Nxe4 5. Re1 Nd6 6. Nxe5 Be7 7. Bf1 Nxe5 8.
Rxe5 O-O 9. d4 Ne8 10. Bd3 d5 11.
Re1 Bd6 12. Nd2 g6 13. Nf3 Ng7 14. Bh6 Re8 15. Qd2 Nf5 16. Bf4 Be6 17. c3 c6 18. Ng5 Bf8 19. Nxe6 fxe6 20. Re2 Qf6 21. Rae1 Qf7 22. Be5 Bg7 23. Qf4 Bxe5 24. Rxe5 Ng7 25. Qg3 Rf8 26. f3 Qf4 27. Qxf4 Rxf4 28. Kf2 Rf7 29.
Bf1 Kf8 30. g3 Ke7 31. Bh3 Rf6 32. f4 Kd6 33. b3 b6 34. c4 Re8 35. Ke3 Nf5+ 36.
Kd3 Rf7 37. a4 a5 38. Bg2 Ree7 39. Bh1 Nh6 40. Bf3 Nf5 41. Bh1 Ng7 42. Bf3 Rf5 43. Bg4 Rxe5 44. fxe5+ Kd7 45. Rf1 Nf5 46. Bh3 Ke8 47. g4 Nh6 48. Rf6 Nf7 49. Bg2 Nd8 50. h4 Rg7 51. g5 Ke7 52. Bf3 Rg8 53. Kc3 Re8 54. b4 axb4+ 55. Kxb4 dxc4 56. Kxc4 Nf7 57. Bxc6 Rc8 58. Kb5 Nd8 59. Be4 Rc1 60. Kxb6 Rc4 61. Kb5 Rxd4 62. Ba8 Rxh4 63. a5 Rh2 64. Rf1 Rb2+ 65.
Ka6 Re2 66. Kb6 Rb2+ 67. Ka6 Re2 68. Rc1 Rxe5 69. Kb6 Re2 70. Rb1 e5 71. a6 Ra2 72.
a7 Ne6 73. Bd5 Ra3 74. a8=Q Rxa8 75. Bxa8 Nxg5 76. Kc5 Kf6 77. Rf1+ Kg7 78. Kd6 e4 79. Ke5 e3 80. Re1 Nf3+ 81. Bxf3 1-0

[Event "*** Titled Tuesday Blitz"]
[Site "Chess.com"]
[Date "2019.06.04"]
[Round "8"]
[White "PotapovaM"]
[Black "SoltaniciR"]
[Result "0-1"]
[WhiteElo "2510"]
[BlackElo "2599"]
[TimeControl "180+2"]
[EndTime "14:52:03 PDT"]
[Termination "SoltaniciR won by resignation"]

1. d4 Nf6 2. c4 Nc6 3. Nf3 e6 4. a3 d6 5. Nc3 g6 6. e4 Bg7 7. Be2 O-O 8. O-O Re8 9. Re1 e5 10. dxe5 dxe5 11. Qxd8 Nxd8 12. Nd5 Ne6 13. Ng5 Nxd5 14.
Nxe6 Bxe6 15. cxd5 Bd7 16. Be3 c6 17. Bc4 Bf8 18. Red1 a6 19. Rac1 Rac8 20. Bb6 Bh6 21. Be3 Bxe3 22. fxe3 Kf8 23. Rf1 cxd5 24. Bxd5 Rxc1 25.
Rxc1 Rc8 26. Rf1 Be8 27. Bxb7 Rb8 28. Bxa6 Rxb2 29. Bc4 Rc2 30. Bd5 Rc3 31. Ra1 Rxe3 32.
a4 Rc3 33. a5 Bc6 34. a6 Bxd5 35. exd5 Rc8 36. Kf2 Ke7 37. Ke3 f5 38. a7 Ra8 39.
Ra6 Kd7 40. g3 Kc7 41. Kd3 Kb7 42. Re6 e4+ 43. Kd4 Rxa7 44. Kc5 Ra5+ 45. Kd6 Ra2 46. Kd7 Rxh2 47. d6 Rd2 48. Re7 Kb6 49. Rxh7 Kc5 50. Ke7 Rxd6 51. Rh1 Rd3 52. g4 f4 53. Ke6 Kd4 54. Rf1 f3 55. g5 Ra3 56. Kf7 Ra6 57.
Rb1 f2 58. Rb4+ Ke3 59. Rb1 Kf3 60. Rb3+ e3 61. Rb1 e2 0-1

[Event "*** Titled Tuesday Blitz"]
[Site "Chess.com"]
[Date "2019.06.04"]
[Round "8"]
[White "Alliswell998"]
[Black "ehrenfeld"]
[Result "0-1"]
[WhiteElo "2421"]
[BlackElo "2507"]
[TimeControl "180+2"]
[EndTime "14:52:07 PDT"]
[Termination "ehrenfeld won by checkmate"]

1. e4 e5 2. Nf3 Nc6 3. Nc3 Nf6 4. d4 exd4 5. Nd5 Be7 6. Nxd4 O-O 7. Nf5 d6 8. Nfxe7+ Nxe7 9. Nxf6+ gxf6 10. Bd3 Kh8 11. Qh5 Be6 12. e5 Ng6 13. f4 f5 14. Bd2 dxe5 15. O-O-O Qh4 16. Qxh4 Nxh4 17. fxe5 Nxg2 18. Bg5 h6 19. Bf6+ Kh7 20. Rhg1 Rg8 21. Rdf1 Ne3 22. Rxg8 Rxg8 23. Rf3 Rg1+ 24. Kd2 Ng4 25.
Rxf5 Bxf5 26. Bxf5+ Kg8 27. Bd8 Nxe5 28. Bxc7 Rg2+ 29.
Kc3 Nc6 30. b4 a6 31. a4 Rf2 32. Bc8 b5 33. Bxa6 Rf3+ 34. Kb2 bxa4 35. b5 Na7 36.
b6 a3+ 37. Ka2 Nc6 38. Bd6 Rf6 39. Bxa3 Nb4+ 40. Bxb4 Rxb6 41. c4 Rxa6+ 42. Kb3 f5 43. Bd2 Kf7 44. c5 h5 45. Kc4 Ke6 46. Kb5 Ra2 47. Bf4 Rb2+ 48. Kc6 Rc2 49. Bd6 h4 50. Kc7 Kd5 51. Kb6 h3 52. Bg3 Rc4 53. Kb5 f4 54. Bh4 f3 55. Bg3 Rxc5+ 56. Kb4 Rc2 57. Kb3 f2 58. Kxc2 f1=Q 59. Kd2 Kd4 60. Kc2 Qd3+ 61.
Kc1 Qe2 62. Be1 Qxe1+ 63. Kb2 Qd2+ 64. Ka3 Qc2 65. Kb4 Qb1+ 66. Ka5 Kc5 67. Ka6 Qb6# 0-1

[Event "*** Titled Tuesday Blitz"]
[Site "Chess.com"]
[Date "2019.06.04"]
[Round "8"]
[White "adriangschnitzer"]
[Black "DanielMieles1985"]
[Result "0-1"]
[WhiteElo "2455"]
[BlackElo "2638"]
[TimeControl "180+2"]
[EndTime "14:52:10 PDT"]
[Termination "DanielMieles1985 won by resignation"]

1. e4 e5 2. Nf3 Nc6 3. Bc4 Nf6 4. d3 Be7 5. O-O O-O 6. Re1 d6 7. a4 a5 8. c3 h6 9. Na3 Nh7 10. Nc2 Ng5 11. d4 Bg4 12. Bxg5 Bxg5 13. h3 Bh5 14. Be2 Bg6 15. Bd3 Re8 16. d5 Nb8 17. Ne3 Bxe3 18. Rxe3 Nd7 19. g3 Rf8 20. Nh4 Bh7 21. Kh2 Qg5 22.
Qg1 g6 23. Rf1 f5 24. exf5 gxf5 25. f4 Qh5 26. fxe5 Nxe5 27. Be2 Qg5 28. Nf3 Nxf3+ 29. Rexf3 Rae8 30. Bd3 Re5 31. Qf2 Rfe8 32. Kh1 Qh5 33. g4 Qg5 34. Bxf5 Bxf5 35. Rxf5 Rxf5 36. Qxf5 Qxf5 37.
Rxf5 Re2 38. b4 axb4 39. cxb4 Re4 40. b5 Rxa4 41. b6 Rc4 42. bxc7 Kg7 43. Kg2 Rxc7 44. Kg3 b5 45. Kh4 b4 46. Kh5 b3 47. Rf1 b2 48.
Rb1 Rb7 49. h4 Rb5 50. g5 hxg5 51. hxg5 Rb4 52. g6 Rb5 53. Kg4 Kxg6 54. Kf4 Kf6 55. Ke4 Rb4+ 56. Kd3 Ke5 57. Kc3 Rb8 58. Kc2 Kxd5 59.
Rd1+ Kc4 60. Kb1 d5 61. Rh1 d4 62. Rh3 d3 63. Rh2 Kc3 64. Rg2 Ra8 65. Rxb2 d2 66. Rc2+ Kd3 67. Kb2 Rb8+ 0-1

[Event "*** Titled Tuesday Blitz"]
[Site "Chess.com"]
[Date "2019.06.04"]
[Round "8"]
[White "Dr-Bassem"]
[Black "Antipov_Mikhail_Al"]
[Result "1-0"]
[WhiteElo "2862"]
[BlackElo "2887"]
[TimeControl "180+2"]
[EndTime "14:52:11 PDT"]
[Termination "Dr-Bassem won by resignation"]

1. Nf3 Nf6 2. g3 g6 3. Bg2 Bg7 4. O-O O-O 5. d3 c5 6. e4 d6 7. c3 Nc6 8. Re1 Bg4 9. h3 Bxf3 10. Qxf3 e6 11. Be3 Rc8 12. Qd1 b6 13. d4 cxd4 14. cxd4 d5 15. e5 Nd7 16. Nc3 a6 17. Rc1 b5 18. h4 Nb6 19. b3 Qe7 20. h5 Rfe8 21.
h6 Bf8 22. Qd2 Rc7 23. Nb1 Rec8 24. a3 Qd7 25. Bg5 Ne7 26. Bf1 Rxc1 27. Rxc1 Rxc1 28. Qxc1 Nc6 29. Qd2 Nc8 30. a4 bxa4 31. bxa4 Qb7 32.
Nc3 Qb4 33. Be3 Nb6 34. Bxa6 Nxa4 35. Nxa4 Qxa4 36. Bf1 Qa7 37. Qc3 Qb6 38. Kg2 Be7 39. Be2 Bf8 40. Bd1 Ne7 41. Bc2 Nc6 42. Ba4 Ne7 43. g4 Qd8 44. Qb3 Qa8 45. Qb5 Nc8 46. Qe8 Nb6 47. Qxa8 Nxa8 48. Bb5 Nc7 49. Bd3 Bb4 50.
Kf1 Kf8 51. Ke2 Ke8 52. Kd1 Kd7 53. Kc2 Kc6 54. Kb3 Ba5 55. f4 Bb6 56. Kb4 Ba7 57.
f5 exf5 58. gxf5 g5 59. f6 Ne6 60. Bxh7 g4 61. Bf5 1-0

[Event "*** Titled Tuesday Blitz"]
[Site "Chess.com"]
[Date "2019.06.04"]
[Round "8"]
[White "dusanacns"]
[Black "Jbd735"]
[Result "1/2-1/2"]
[WhiteElo "2628"]
[BlackElo "2427"]
[TimeControl "180+2"]
[EndTime "14:52:12 PDT"]
[Termination "Game drawn - insufficient material"]

1. e4 e5 2. Nf3 Nc6 3. Nc3 Nf6 4. Bb5 Bb4 5. O-O O-O 6. d3 d6 7. Bg5 Bxc3 8. bxc3 Qe7 9. Re1 h6 10. Bh4 Bg4 11.
h3 Bh5 12. g4 Bg6 13. d4 Nd8 14. Bd3 Bh7 15. Bg3 Nd7 16. Nh4 Ne6 17. Nf5 Qf6 18.
Rb1 Rab8 19. Ne3 exd4 20. Nd5 Qd8 21. cxd4 Nxd4 22. f4 c6 23. Ne3 Nc5 24. f5 Re8 25.
Nc4 Nb5 26. Qd2 Qf6 27. Kg2 Nc3 28. Nxd6 Nxb1 29. Rxb1 Red8 30. e5 Qg5 31. Qxg5 hxg5 32. Bc4 Kf8 33. Nxf7 Rd2+ 34. Kg1 Rxc2 35. Nd6 Rd8 36.
e6 Ke7 37. Rd1 b5 38. Bf1 Ne4 39. Bd3 Nxg3 40. Bxc2 Rxd6 41. Rxd6 Kxd6 42. Kf2 Nxf5 43. gxf5 Bg8 44. Kg3 g6 45. fxg6 Bxe6 46. g7 Bg8 47.
Bb3 Bh7 48. g8=Q Bxg8 49. Bxg8 Ke5 50. Kg4 Kf6 51. a4 bxa4 52. Bc4 a3 53. Ba2 Kg6 54. Bb1+ Kf6 55. Kh5 c5 56. Ba2 Kf5 57. Bb3 Kf4 58. Ba2 Kg3 59. Kxg5 Kxh3 60. Kf4 Kg2 61. Ke3 Kf1 62.
Kd3 Ke1 63. Kc3 Kd1 64. Kb3 Kd2 65. Kxa3 Kc3 66. Ka4 c4 67. Ka5 Kd4 68. Bxc4 Kxc4 69.
Ka6 Kc5 70. Kxa7 1/2-1/2

[Event "*** Titled Tuesday Blitz"]
[Site "Chess.com"]
[Date "2019.06.04"]
[Round "8"]
[White "Grandelicious"]
[Black "TigranLPetrosyan"]
[Result "1/2-1/2"]
[WhiteElo "2789"]
[BlackElo "2851"]
[TimeControl "180+2"]
[EndTime "14:52:14 PDT"]
[Termination "Game drawn by repetition"]

1. e4 g6 2. d4 Bg7 3. c4 c5 4.
Nf3 cxd4 5. Nxd4 Nc6 6. Be3 Nf6 7. Nc3 O-O 8. Be2 d6 9. O-O Nxd4 10. Bxd4 Qa5 11.
Nd5 Nxd5 12. exd5 Bxd4 13. Qxd4 Qb6 14. Qd2 Bd7 15. Rfe1 Rfe8 16. Rad1 a5 17. Bf1 a4 18. Re3 e5 19. dxe6 Bxe6 20. b3 axb3 21. axb3 Ra3 22. Qb2 Rea8 23. h3 Ra2 24. Qf6 Qd8 25. Rxe6 fxe6 26. Qxe6+ Kh8 27. Rxd6 Qg5 28. Rd5 Qf4 29. Qe5+ Qxe5 30. Rxe5 Rb2 31. Be2 Rxb3 32. Bf3 Rc8 33. Bd5 Rc7 34. g4 Rxh3 35. Re8+ Kg7 36. g5 h6 37. Kg2 Rb3 38. Rg8+ Kh7 39. gxh6 b5 40.
cxb5 Rxb5 41. Rd8 Rcc5 42. Be4 Rg5+ 43. Kf3 Rb4 44. Ke3 Re5 45. f3 Re6 46. Kf4 Kxh6 47. Rh8+ Kg7 48. Rc8 Rf6+ 49. Kg4 Re6 50. Rc7+ Kf6 51.
Rc8 Rb2 52. Kg3 Rd6 53. Rc5 Re6 54. Kf4 Rg2 55. Rc8 g5+ 56. Ke3 Ra6 57. Rf8+ Ke7 58.
Rf5 Ra3+ 59. Kd4 Rd2+ 60. Kc4 Rg2 61. Kd4 Ra4+ 62. Ke3 Ra3+ 63. Kd4 1/2-1/2

[Event "*** Titled Tuesday Blitz"]
[Site "Chess.com"]
[Date "2019.06.04"]
[Round "8"]
[White "King_of_the_wing"]
[Black "bracuarta"]
[Result "1/2-1/2"]
[WhiteElo "2205"]
[BlackElo "2115"]
[TimeControl "180+2"]
[EndTime "14:52:19 PDT"]
[Termination "Game drawn - insufficient material"]

1. e4 c5 2. Nf3 e6 3. d4 cxd4 4. Nxd4 a6 5. g3 d5 6. e5 Qc7 7. Qe2 Nc6 8. Nxc6 bxc6 9. Bg2 a5 10. c4 Ba6 11. b3 Bb4+ 12. Bd2 Ne7 13. O-O O-O 14.
a3 Bxd2 15. Nxd2 Ng6 16. f4 f6 17. exf6 Rxf6 18. Rfe1 Raf8 19. Qe3 Re8 20. Qc5 e5 21. cxd5 Bd3 22. dxc6 Rfe6 23. Bd5 Kh8 24. Bxe6 Rxe6 25.
f5 Bxf5 26. Rac1 Bh3 27. Nf3 h6 28. Re3 e4 29. Nd4 Re5 30. Qc3 Rg5 31. Rxe4 Nf4 32.
Qe3 Nd5 33. Re8+ Kh7 34. Qe4+ g6 35. Qxd5 Rxd5 36. Rce1 g5 37. R1e7+ Qxe7 38. Rxe7+ Kg6 39. c7 Rxd4 40. Kf2 Rd2+ 41. Ke3 Rxh2 42. Kd4 Ra2 43. a4 Ra1 44. Kc5 Rc1+ 45. Kb6 Rc3 46. Kxa5 Rxb3 47. Re8 Rc3 48. Kb6 h5 49. a5 h4 50.
gxh4 gxh4 51. a6 Bf5 52. a7 Ra3 53. Rh8 Kg5 54. c8=Q Bxc8 55. Rxc8 h3 56. Rh8 Kg4 57. Rxh3 Kxh3 58. Kb7 Rb3+ 59. Kc7 Ra3 60. Kb7 Rxa7+ 61. Kxa7 1/2-1/2

[Event "*** Titled Tuesday Blitz"]
[Site "Chess.com"]
[Date "2019.06.04"]
[Round "8"]
[White "Fins0905"]
[Black "m3alam"]
[Result "0-1"]
[WhiteElo "2643"]
[BlackElo "2372"]
[TimeControl "180+2"]
[EndTime "14:52:21 PDT"]
[Termination "m3alam won by resignation"]

1. d4 c6 2. e4 d5 3. e5 Bf5 4.
h4 h5 5. c4 e6 6. Nc3 Ne7 7.
Nf3 Nd7 8. Bg5 f6 9. exf6 gxf6 10. Bf4 Kf7 11. Bd3 dxc4 12. Bxc4 Nb6 13. Bd3 Bxd3 14. Qxd3 Nbd5 15. Bg3 Nf5 16. O-O Bd6 17. Rae1 Nxc3 18. bxc3 Bxg3 19. fxg3 Qd7 20. c4 Rad8 21. Re4 Rhg8 22. Rf4 Rg4 23. Qe4 Rdg8 24. d5 Rxf4 25. dxe6+ Qxe6 26. Qxf4 Qe3+ 27. Kh2 Qxf4 28. gxf4 Ne3 29.
Rb1 Rxg2+ 30. Kh1 Rf2 31. Rxb7+ Kg6 32. Nd4 Rxf4 33. Ne6 Rxh4+ 34. Kg1 Rxc4 35. Rxa7 Kf5 36. Ng7+ Kg4 37. Kf2 Nd5 38. Ne6 Rc2+ 39. Ke1 Rc4 40. a4 Re4+ 41. Kf2 Rxe6 42. a5 Re3 43. Rg7+ Kf4 44.
a6 Ra3 45. a7 Ra2+ 46. Kg1 Ne3 47. Kh1 Ng4 48. Rb7 c5 49. Kg1 f5 50. Kh1 c4 51.
Kg1 Kg3 52. Rb1 h4 53. Rf1 f4 54. Kh1 f3 55. Rg1+ Kh3 56. Rf1 Kg3 57. Rg1+ Kf4 58.
Rc1 Rxa7 59. Rxc4+ Kg3 60. Rc1 Ra2 61. Rg1+ Rg2 62.
Rf1 Nf2+ 63. Rxf2 Rxf2 0-1

[Event "*** Titled Tuesday Blitz"]
[Site "Chess.com"]
[Date "2019.06.04"]
[Round "8"]
[White "vovachesss"]
[Black "JozefKneht"]
[Result "1-0"]
[WhiteElo "2619"]
[BlackElo "2507"]
[TimeControl "180+2"]
[EndTime "14:52:24 PDT"]
[Termination "vovachesss won by resignation"]

1. f4 d5 2. Nf3 Nf6 3. g3 c5 4. Bg2 Nc6 5. O-O Bf5 6. d3 e6 7. Nh4 Bg6 8. c3 Be7 9. Nxg6 hxg6 10. e4 dxe4 11. dxe4 Qxd1 12. Rxd1 c4 13. h3 Bc5+ 14. Kf1 Nh5 15. g4 Ng3+ 16. Ke1 f5 17. gxf5 gxf5 18. e5 g5 19. fxg5 Nxe5 20. Bf4 Nd3+ 21. Rxd3 cxd3 22.
Bxg3 O-O-O 23. Be5 Rh4 24. g6 Rg8 25. g7 Kd7 26.
Nd2 Bd6 27. Bxd6 Kxd6 28. Kf2 e5 29. Kg3 Rh7 30. Nc4+ Ke6 31. Kf2 Rhxg7 32. Bh1 e4 33. Re1 Rh8 34. Bxe4 fxe4 35. Rxe4+ Kf5 36. Re5+ Kf6 37.
Re3 Rd8 38. Rf3+ Kg6 39. Ne5+ Kh7 40. Nxd3 Rgd7 41. Ke2 Re8+ 42. Kd2 Rde7 43. Kc2 Re2+ 44. Kb3 R2e3 45. Rf7+ Kg8 46. Rd7 R8e7 47. Rd8+ Kf7 48. Nf4 Re8 49. Rd7+ R3e7 50. Rd6 Rh8 51. Nd5 Re5 52.
Nf4 Rh4 53. Ng6 Rb5+ 54. Ka3 Rxh3 55. Nf4 Rh2 56. b4 Rb6 57. Rd7+ Ke8 58. Rg7 Ra6+ 59. Kb3 Rhxa2 60. Rxb7 R6a3+ 61. Kc4 Rc2 62. Nd5 Kd8 63. Kd4 Rd2+ 64. Kc5 Rxd5+ 65. Kxd5 Rxc3 66. Rxa7 Kc8 67.
Rh7 Rc7 68. Rxc7+ Kxc7 69. Kc5 Kb7 70. Kb5 Ka7 71. Kc6 Kb8 72. Kb6 Ka8 73. b5 Kb8 74.
Ka6 Ka8 75. b6 Kb8 76. b7 1-0

[Event "*** Titled Tuesday Blitz"]
[Site "Chess.com"]
[Date "2019.06.04"]
[Round "8"]
[White "ulises2013"]
[Black "FrenchMonster2002"]
[Result "0-1"]
[WhiteElo "2541"]
[BlackElo "2391"]
[TimeControl "180+2"]
[EndTime "14:52:24 PDT"]
[Termination "FrenchMonster2002 won by resignation"]

1. e4 e6 2. g3 d5 3. Bg2 dxe4 4. Bxe4 Nf6 5. Bg2 c5 6. Ne2 Nc6 7. O-O Be7 8. c3 O-O 9. d4 cxd4 10. cxd4 Bd7 11. Nbc3 Rc8 12. h3 b6 13. Kh2 Nb4 14. Bg5 Bc6 15. Bxc6 Nxc6 16. Bxf6 Bxf6 17. Qa4 Nxd4 18.
Nxd4 Qxd4 19. Qxa7 Qb4 20. Rab1 Bxc3 21. bxc3 Qxc3 22. Qxb6 Qa3 23. Qb3 Ra8 24. Rb2 g6 25. Rc1 Ra7 26. Rc6 Rfa8 27. Rcc2 Kg7 28. Qc4 Ra4 29. Qc7 Qf3 30. Qe5+ Qf6 31. Qe2 Ra3 32. Kg2 R8a7 33. h4 h5 34. Qe4 R7a4 35. Qc6 Ra6 36.
Qe4 R6a4 37. Qe2 Qf5 38. Rd2 Ra5 39. Rb3 R3a4 40. Rf3 Qe5 41. Qd1 Ra3 42. Rdd3 Rxd3 43. Qxd3 Qd5 44. Qc3+ Qe5 45. Qb3 Qd5 46. Qb2+ e5 47.
a3 Ra4 48. Qb6 Rxa3 49. Qf6+ Kg8 50. g4 Qxf3+ 51. Qxf3 Rxf3 52. Kxf3 hxg4+ 53. Kxg4 Kg7 54. h5 gxh5+ 55. Kxh5 Kf6 56. Kg4 Ke6 57. f3 f5+ 58. Kg5 f4 59. Kg6 Kd5 60. Kf5 Kd4 61. Ke6 Ke3 62.
Kxe5 Kxf3 0-1

[Event "*** Titled Tuesday Blitz"]
[Site "Chess.com"]
[Date "2019.06.04"]
[Round "8"]
[White "saraswathii"]
[Black "Alopekos"]
[Result "0-1"]
[WhiteElo "2305"]
[BlackElo "2486"]
[TimeControl "180+2"]
[EndTime "14:52:26 PDT"]
[Termination "Alopekos won by resignation"]

1. d4 Nf6 2. Bf4 e6 3. e3 Be7 4. c4 O-O 5. Nc3 d5 6. Nf3 c5 7. Be2 cxd4 8. exd4 Nc6 9. O-O dxc4 10. Bxc4 b6 11. d5 Na5 12. b3 Bb4 13. Rc1 Nxc4 14.
bxc4 exd5 15. Nxd5 Nxd5 16. cxd5 Ba6 17. Qd4 Bc5 18. Qd2 Bxf1 19. Rxf1 Re8 20. h3 h6 21. Rd1 Qf6 22. Bg3 Rad8 23. Bh4 g5 24. Bg3 Rd7 25.
Qd3 Red8 26. Qe4 Qg6 27. Qc4 Qf5 28. h4 Rxd5 29. Rxd5 Qxd5 30. Qg4 Qe6 31. Qh5 Qg6 32. Qxg6+ fxg6 33. hxg5 hxg5 34. Nxg5 Rd2 35. a3 Bxa3 36. Ne4 Re2 37. Nc3 Rc2 38. Nb5 Bc5 39. Nxa7 Kf7 40. Kf1 Ke6 41. Nb5 Kd5 42. Nc7+ Kc4 43. Ne6 b5 44.
Nf4 b4 45. Nxg6 b3 46. Ne5+ Kd4 47. Nf3+ Kc4 48. Ne5+ Kc3 49. Nf3 Rxf2+ 50. Bxf2 Bxf2 51. Kxf2 b2 52. g4 b1=Q 53. Ke3 Qb4 54. g5 Qg4 55. Ke2 Kc4 56. Ke3 Kd5 57. g6 Qxg6 58. Nd2 Qg3+ 59. Nf3 Qh3 60. Ke2 Qg2+ 61. Ke3 Qg3 62. Ke2 Ke4 63.
Nd2+ Kf4 64. Kd1 Qd3 65. Kc1 Ke3 66. Nb1 Qb3 0-1

[Event "*** Titled Tuesday Blitz"]
[Site "Chess.com"]
[Date "2019.06.04"]
[Round "8"]
[White "LazovT"]
[Black "Michael_Scofield01"]
[Result "1-0"]
[WhiteElo "2617"]
[BlackElo "2730"]
[TimeControl "180+2"]
[EndTime "14:52:40 PDT"]
[Termination "LazovT won by resignation"]

1. e4 e5 2. Bc4 Nf6 3. d3 Bc5 4. Nf3 d6 5. h3 O-O 6. c3 Bb6 7. Bb3 Nc6 8. Nbd2 a6 9. Nf1 Ne7 10.
g4 d5 11. Qe2 dxe4 12. dxe4 Nc6 13. Ng3 Be6 14. g5 Nd7 15. Bc2 Qe7 16. Nh4 Rad8 17. Nhf5 Qc5 18. Be3 Qb5 19. Bd3 Qa5 20. O-O Bxe3 21.
fxe3 g6 22. Nh6+ Kg7 23. Bc4 Bxc4 24. Qxc4 f6 25. h4 Qb5 26. Qxb5 axb5 27. Rad1 fxg5 28.
hxg5 Rxf1+ 29. Rxf1 Rf8 30. Ng4 Rxf1+ 31. Kxf1 Nc5 32. b3 Ne6 33. Nf6 Nxg5 34. Ne8+ Kf7 35. Nxc7 b4 36. cxb4 Nxb4 37. a4 h5 38. Nd5 Nc6 39.
b4 h4 40. Nh1 Nxe4 41. b5 Na5 42. Kg2 g5 43. Kf3 Nc5 44. Nc3 Nc4 45. Kg4 Kg6 46. e4 Ne3+ 47. Kf3 Nc2 48. Nf2 Nd4+ 49.
Kg4 Nd7 50. Nd5 Nf6+ 51. Nxf6 Kxf6 52. Nh3 Ne6 53. a5 Nc5 54. Nxg5 h3 55. Nxh3 Ke6 56.
Ng5+ Kf6 57. Kh5 Ke7 58. Kg6 Kd6 59. Kf6 Nb3 60. a6 bxa6 61. bxa6 Kc6 62. Kxe5 Nc5 63. Kd4 Nxe4 64. Nxe4 Kb6 65. Nc5 Ka7 66. Kc4 Kb8 67.
Kb5 1-0

[Event "*** Titled Tuesday Blitz"]
[Site "Chess.com"]
[Date "2019.06.04"]
[Round "8"]
[White "catalin009"]
[Black "attack2mateU"]
[Result "0-1"]
[WhiteElo "2503"]
[BlackElo "2702"]
[TimeControl "180+2"]
[EndTime "14:52:41 PDT"]
[Termination "attack2mateU won by checkmate"]

1. Nf3 c5 2. g3 Nc6 3. Bg2 e5 4. c4 g6 5. O-O Bg7 6. Nc3 Nge7 7. Ne1 d6 8. Nc2 O-O 9. Ne3 a6 10. d3 Rb8 11. a4 Nb4 12. Ned5 Nbxd5 13. Nxd5 Nxd5 14.
Bxd5 Be6 15. Bxe6 fxe6 16. a5 Rf7 17. Bd2 Qd7 18. Rb1 Qc6 19. b4 e4 20. bxc5 exd3 21.
cxd6 Qxd6 22. exd3 Qxd3 23. Bf4 Rd8 24. Qxd3 Rxd3 25.
Rb6 Ra3 26. Rxe6 Rxa5 27. Rd1 Ra1 28. Rxa1 Bxa1 29. c5 a5 30. Re8+ Kg7 31. Ra8 Bc3 32. Kg2 Re7 33. Kf3 Kf7 34. Bd6 Rd7 35. Ke4 b6 36. c6 Rxd6 37. c7 Rc6 38. c8=Q Rxc8 39. Rxc8 Bb4 40. f4 a4 41. Ra8 a3 42. g4 Ba5 43. Ra7+ Kf8 44. Ra8+ Ke7 45. Rc8 a2 46. Rc1 Bc3 47. Rxc3 a1=Q 48. Rc7+ Kd6 49. Rxh7 Qe1+ 50. Kf3 b5 51. Rh6 Qd1+ 52. Kg3 Qd3+ 53. Kh4 b4 54. f5 b3 55. fxg6 Ke7 56. Rh7+ Kf8 57. Kg5 Qd5+ 58. Kh6 Qd2+ 59. Kh5 Qxh2+ 60. Kg5 Qe5+ 61. Kh6 Qe3+ 62. Kh5 b2 63. Rh8+ Ke7 64.
g7 b1=Q 65. g8=Q Qh1+ 66. Kg6 Qhe4+ 67. Kg7 Qg5# 0-1

[Event "*** Titled Tuesday Blitz"]
[Site "Chess.com"]
[Date "2019.06.04"]
[Round "8"]
[White "colemman"]
[Black "TBergh98"]
[Result "1/2-1/2"]
[WhiteElo "2583"]
[BlackElo "2413"]
[TimeControl "180+2"]
[EndTime "14:52:51 PDT"]
[Termination "Game drawn - insufficient material"]

1. d4 d6 2. Nf3 Bg4 3. Nbd2 Nf6 4. h3 Bxf3 5. Nxf3 g6 6. Bg5 Bg7 7. c3 O-O 8. Qc2 d5 9. Bxf6 Bxf6 10. e4 c6 11. Bd3 dxe4 12. Bxe4 Na6 13. O-O Nc7 14.
Rfe1 Ne6 15. Qb3 Qb6 16. Bd3 Rfd8 17. Bc4 Qxb3 18. Bxb3 Nf4 19. Re4 Nd5 20. Rae1 e6 21. Ne5 Bxe5 22. Rxe5 Nb6 23. f4 Kg7 24. g4 Rd7 25.
Kg2 Rad8 26. Kg3 a6 27. R1e2 Nd5 28. f5 exf5 29. gxf5 Nf6 30. fxg6 hxg6 31. Re7 Rxe7 32. Rxe7 Rd7 33. Re5 Nh5+ 34. Kf3 Nf6 35. a4 Kf8 36.
Re1 Nd5 37. a5 Rd6 38. Re5 Nf6 39. Bc4 Nd7 40. Re2 c5 41. d5 f6 42. b3 Ne5+ 43. Kf4 Ke7 44. Rg2 Rd8 45. Rd2 Kd6 46. Bf1 Rh8 47. c4 Rh4+ 48. Ke3 f5 49. Bg2 f4+ 50.
Kf2 f3 51. Bf1 Rf4 52. Rb2 Rd4 53. Ke3 g5 54. b4 Nxc4+ 55. Bxc4 Rxc4 56. bxc5+ Kxc5 57. Rxb7 Rc3+ 58. Kf2 Ra3 59. Rg7 Rxa5 60. Rxg5 Kd6 61. h4 Rxd5 62. Rg6+ Ke7 63. Rxa6 Rf5 64. Rg6 Kf7 65.
Rg4 Rf6 66. Rg5 Rg6 67. Rf5+ Rf6 68. Rg5 Rg6 69. Ra5 Rf6 70. h5 Kg7 71. Rg5+ Kh6 72. Re5 Rf7 73. Rd5 Rf6 74. Rc5 Rf7 75. Rc3 Rf6 76.
Rxf3 Rxf3+ 77. Kxf3 Kxh5 1/2-1/2

[Event "*** Titled Tuesday Blitz"]
[Site "Chess.com"]
[Date "2019.06.04"]
[Round "8"]
[White "IakovUlivar"]
[Black "IIIlllII1llIl"]
[Result "1/2-1/2"]
[WhiteElo "2500"]
[BlackElo "2746"]
[TimeControl "180+2"]
[EndTime "14:52:53 PDT"]
[Termination "Game drawn - insufficient material"]

1. d4 Nf6 2. Nf3 g6 3. g3 Bg7 4. Bg2 O-O 5. O-O d5 6. c3 Nc6 7. Bf4 Ne4 8. Nbd2 Bf5 9. Nh4 Nxd2 10. Qxd2 Bg4 11. h3 Be6 12. Kh2 f6 13. Bh6 Bf7 14.
e4 dxe4 15. Bxe4 e5 16. d5 Ne7 17. c4 Qd7 18. Rad1 Rad8 19. Qe3 b6 20. Bc2 c6 21. dxc6 Qxc6 22. b3 Qc7 23. Rxd8 Rxd8 24. Rd1 Rxd1 25. Bxd1 Nc6 26. Nf3 Qd8 27. Bc2 Nd4 28.
Nxd4 exd4 29. Qd2 Bxh6 30. Qxh6 Qd6 31. Bd3 Qe5 32. h4 a5 33. Qd2 Be8 34. a3 Bc6 35. b4 axb4 36. axb4 Kg7 37. Qe2 Qd6 38. Qe1 Bb7 39.
Kg1 Kf8 40. Qe2 Qc6 41. f3 Qxf3 42. Qxf3 Bxf3 43. Kf2 Bb7 44. c5 bxc5 45. bxc5 Bc6 46. Bc4 g5 47. hxg5 fxg5 48. Ke2 h5 49. Kd3 h4 50.
gxh4 gxh4 51. Be6 Ke7 52. Bh3 Bd7 53. Bg2 Kf6 54. Kxd4 Kg5 55. Kd5 Kf4 56. Kd6 Bg4 57. c6 Kg3 58. Bf1 Kf2 59. Bc4 h3 60. c7 h2 61. Bd5 Ke3 62. Ke7 Kd4 63. Bb7 Kc5 64.
Kd8 Kd6 65. Bg2 Ke5 66. Bc6 Kd6 67. Bh1 Bh3 68. c8=Q Bxc8 69. Kxc8 Ke5 70. Ba8 Kf4 71. Bh1 Kg3 72. Ba8 Kf2 73. Kd7 h1=Q 74. Bxh1 1/2-1/2

[Event "*** Titled Tuesday Blitz"]
[Site "Chess.com"]
[Date "2019.06.04"]
[Round "8"]
[White "GMKrikor"]
[Black "FMJoseHerrera"]
[Result "1-0"]
[WhiteElo "2708"]
[BlackElo "2608"]
[TimeControl "180+2"]
[EndTime "14:53:06 PDT"]
[Termination "GMKrikor won on time"]

1. e4 c5 2. Nf3 e6 3. g3 b6 4. Bg2 Bb7 5. Qe2 d6 6. O-O Nf6 7. d4 Bxe4 8. dxc5 bxc5 9. Nc3 Bc6 10. Bf4 Be7 11. Rad1 O-O 12. Ng5 Bxg2 13. Kxg2 Qc7 14. Qf3 Nc6 15. Nb5 Qb6 16. Nxd6 Nd4 17. Qb7 Nd5 18.
Nge4 Rab8 19. Qxb6 Nxf4+ 20. gxf4 axb6 21. c3 Nc6 22. Nb5 Rfd8 23. Kf3 f5 24. Nd2 e5 25. Nc4 e4+ 26. Ke2 Kf7 27. f3 exf3+ 28. Kxf3 h6 29. Rfe1 g5 30. h3 Rxd1 31. Rxd1 Rg8 32. Rd7 g4+ 33.
hxg4 fxg4+ 34. Kg2 Ke6 35. Rc7 Nd8 36. f5+ Kf6 37.
Ne3 Bf8 38. Rd7 Nc6 39. Nc7 h5 40. Ncd5+ Kg5 41. f6 h4 42. Rh7 h3+ 43. Kf1 Bd6 44.
f7 Rf8 45. Ke2 h2 46. Kf1 Ne5 47. Kg2 Rxf7 48. Rxf7 Nxf7 49. Nxb6 Bf4 50. Ned5 g3 51. Nd7 Bd6 52. Ne3 Nh6 53. a4 Bc7 54. Nxc5 Bb6 55.
Ne6+ Kf6 56. Nd4 Nf7 57. Nf1 Bc7 58. Ne2 Ng5 59. Nfxg3 Ke6 60. Kxh2 Kd5 61. b3 Ne4 62. Kg2 Nd2 63. Nc1 Be5 64. Nge2 Kc5 65. Nd3+ Kd5 66. Nxe5 Kxe5 67. Nc1 Kd5 68. a5 Kc5 69. b4+ Kb5 70. Ne2 Ne4 71. Kf3 Nd2+ 72. Ke3 1-0

[Event "*** Titled Tuesday Blitz"]
[Site "Chess.com"]
[Date "2019.06.04"]
[Round "8"]
[White "awesomevishesh"]
[Black "Thjop"]
[Result "1-0"]
[WhiteElo "2454"]
[BlackElo "2576"]
[TimeControl "180+2"]
[EndTime "14:53:07 PDT"]
[Termination "awesomevishesh won by resignation"]

1. d4 Nf6 2. c4 g6 3. g3 Bg7 4.
Bg2 O-O 5. Nf3 d6 6. O-O Nc6 7. Nc3 e5 8. dxe5 dxe5 9. Bg5 Be6 10. Nd2 h6 11. Bxf6 Qxf6 12. Nde4 Qe7 13. Nd5 Qd8 14. Nc5 Bc8 15. e3 f5 16. Qb3 Na5 17. Qa4 c6 18. Nc3 Qb6 19. b4 e4 20. Rac1 Nxc4 21. Qb3 Be6 22. Nxe6 Nd2 23. Qb2 Nxf1 24. Nxf8 Nxe3 25. Qb3+ Kxf8 26. Na4 Qb5 27. fxe3 a5 28. Nc5 Qxb4 29.
Qe6 Rd8 30. Nd7+ Rxd7 31. Qxd7 Bf6 32. Rd1 Be7 33. Bf1 Qc5 34. Qd4 Qxd4 35. exd4 Bd6 36. Kf2 Ke7 37. Rb1 b5 38. d5 cxd5 39. Rxb5 d4 40.
Rxa5 d3 41. Rb5 Ba3 42. Rb3 Bc5+ 43. Ke1 Bg1 44. h3 Kd6 45. Bxd3 exd3 46. Rxd3+ Ke5 47.
Ke2 g5 48. a4 h5 49. a5 f4 50. g4 hxg4 51. hxg4 Ke4 52. a6 Ba7 53. Rb3 Bc5 54.
Rb5 f3+ 55. Kf1 Be3 56. Rb7 Kf4 57. a7 Bxa7 58. Rxa7 Kxg4 59. Kf2 Kh3 60. Rh7+ Kg4 61.
Rf7 Kh3 62. Rxf3+ Kh2 63. Rf5 Kh3 64. Rxg5 Kh4 65. Rg8 Kh5 66. Kf3 Kh6 67. Kf4 Kh7 68. Rg5 Kh6 69. Kf5 Kh7 70. Kf6 Kh6 71. Rf5 Kh7 72. Kf7 Kh6 73. Re5 1-0